 Dungeon Crawl Stone Soup version 0.20.1-1-g8b1a95d (webtiles) character file.

264 Meenos the Skirmisher (level 6, 0/52 HPs)
             Began as a Human Skald on Nov 15, 2017.
             Was an Initiate of Okawaru.
             Slain by a gnoll
             ... wielding a +0 spear
              (5 damage)
             ... on level 4 of the Dungeon.
             The game lasted 00:41:56 (3721 turns).

Meenos the Skirmisher (Human Skald)                 Turns: 3721, Time: 00:42:01

Health: 0/52       AC:  7    Str: 11    XL:     6   Next: 43%
Magic:  1/9        EV: 11    Int: 14    God:    Okawaru [......]
Gold:   127        SH:  3    Dex: 14    Spells: 6/9 levels left

rFire    . . .     SeeInvis .   B - +2 falchion (holy)
rCold    . . .     Gourm    +   D - +0 buckler
rNeg     . . .     Faith    .   J - +0 leather armour
rPois    +         Spirit   .   (no helmet)
rElec    .         Reflect  .   (no cloak)
rCorr    .         Harm     .   G - +0 pair of gloves
MR       .....                  (no boots)
Stlth    +.........             t - amulet of the gourmand
Regen    0.2/turn               y - ring of poison resistance
MPRegen  0.2/turn               K - +3 ring of protection

@: very slightly contaminated
A: no striking features
a: Renounce Religion


You were on level 4 of the Dungeon.
You worshipped Okawaru.
Okawaru was noncommittal.
You were very full.

You visited 1 branch of the dungeon, and saw 4 of its levels.

You collected 127 gold pieces.

Inventory:

Hand Weapons
 n - a +0 short sword
 p - a +0 hunting sling
 u - a +0 club
 x - a +0 flail
 B - a +2 falchion of holy wrath (weapon)
Missiles
 h - 145 stones (quivered)
 m - 54 sling bullets
 H - 23 arrows
Armour
 b - a +0 leather armour
 l - a +0 pair of gloves
 D - a +0 buckler (worn)
 G - a +0 pair of gloves (worn)
 J - a +0 leather armour (worn)
Jewellery
 t - an amulet of the gourmand (around neck)
 y - a ring of poison resistance (left hand)
 F - an uncursed ring of flight
 K - a +3 ring of protection (right hand)
Wands
 f - a wand of iceblast (5/15)
 v - a wand of enslavement (11/24)
 I - a wand of iceblast (8/15)
 M - a wand of polymorph (12/24)
Scrolls
 e - 3 scrolls of random uselessness {unknown}
 g - a scroll of enchant weapon {unknown}
 i - a scroll of amnesia {unknown}
 j - 2 scrolls of remove curse {unknown}
 o - a scroll of magic mapping {unknown}
 r - 4 scrolls of identify {unknown}
 s - 2 scrolls of immolation {unknown}
Potions
 a - 2 potions of agility {unknown}
 k - 2 potions of brilliance {unknown}
 q - a potion of berserk rage {unknown}
 w - a potion of heal wounds {unknown}
 z - a potion of lignification {unknown}
 C - 2 potions of mutation {unknown}
Books
 c - a book of Battle

   Spells                             Type                      Level
   a - Infusion                       Charms                       1
   b - Shroud of Golubria             Charms/Translocation         2
   c - Song of Slaying                Charms                       2
   d - Spectral Weapon                Hexes/Charms                 3
   e - Regeneration                   Charms/Necromancy            3
 L - a book of Necromancy

   Spells                             Type                      Level
   a - Pain                           Necromancy                   1
   b - Animate Skeleton               Necromancy                   1
   c - Vampiric Draining              Necromancy                   3
   d - Regeneration                   Charms/Necromancy            3
   e - Animate Dead                   Necromancy                   4
   f - Control Undead                 Necromancy                   4
Comestibles
 d - 6 bread rations
 A - 2 fruits
 E - a royal jelly


   Skills:
 + Level 6.3 Fighting
 - Level 0.2(1.2) Short Blades
 - Level 2.0 Long Blades
 - Level 1.0 Armour
 - Level 2.0 Dodging
 - Level 2.0 Spellcasting
 - Level 3.0 Charms


You had 6 spell levels left.
You knew the following spells:

 Your Spells              Type           Power        Failure   Level  Hunger
a - Infusion              Chrm           #...         16%         1    ##.....
b - Song of Slaying       Chrm           #.......     22%         2    ###....


Dungeon Overview and Level Annotations

Branches:
Dungeon (4/15)
 Temple: D:4-7

Altars:
Cheibriados
Hepliaklqana
Makhleb
Okawaru


Message History

You hit the gnoll.
You kill the gnoll!
Okawaru accepts your kill. The gnoll closely misses you.
The gnoll hits you from afar with a spear.
* * * LOW HITPOINT WARNING * * *
The gnoll barely misses you.
Things that are here:
a whip; a halberd; a gnoll corpse You closely miss the gnoll.
You are no longer magically infusing your attacks.
The gnoll barely misses you. The gnoll closely misses you.
You block the gnoll's attack.
You hit the gnoll.
The gnoll is heavily wounded.
The gnoll hits you but does no damage.
The gnoll hits you from afar with a spear!
* * * LOW HITPOINT WARNING * * *
The gnoll hits you with a spear.
You die...

.# ##)##.# #.##### .#
#.##.# #......
.####### #....#
#.#####
.......############.#
#.# #####.#........#
#.# #.# ##.#######.#
#.#######.# ### #.#
#.........#
#.############.#
#(.@gg..... ..#
########### ###


You could see 2 gnolls.

Vanquished Creatures
  2 orc priests
  Ijyb (D:4)
  4 gnolls
  4 adders
  2 worms (D:2)
  3 dart slugs
  A leopard gecko (D:2)
  12 orcs
  2 ball pythons (D:2)
  4 giant cockroaches
  6 goblins
  8 hobgoblins
  3 jackals (D:1)
  2 quokkas
  10 bats
  5 frilled lizards
  A jackal skeleton (D:4)
  11 kobolds
  3 rats
84 creatures vanquished.

Notes
Turn   | Place    | Note
-------+----------+-------------------------------------------
     0 | D:1      | Meenos the Human Skald began the quest for the Orb.
     0 | D:1      | Reached XP level 1. HP: 16/16 MP: 3/3
   188 | D:1      | Reached XP level 2. HP: 21/23 MP: 3/5
   252 | D:1      | Reached skill level 3 in Fighting
   399 | D:1      | Reached XP level 3. HP: 29/29 MP: 2/6
   991 | D:2      | Reached XP level 4. HP: 35/37 MP: 4/7
  1045 | D:2      | Reached skill level 4 in Fighting
  1125 | D:2      | Found a burning altar of Makhleb.
  1647 | D:2      | Found an iron altar of Okawaru.
  1732 | D:2      | Became a worshipper of Warmaster Okawaru
  2004 | D:3      | Reached XP level 5. HP: 38/43 MP: 2/8
  2444 | D:3      | Reached skill level 5 in Fighting
  2549 | D:3      | Found a snail-covered altar of Cheibriados.
  2742 | D:3      | Learned a level 2 spell: Song of Slaying
  3037 | D:4      | Found a hazy altar of Hepliaklqana.
  3046 | D:4      | Reached XP level 6. HP: 33/52 MP: 1/9
  3541 | D:4      | Reached skill level 6 in Fighting
  3572 | D:4      | Noticed Ijyb
  3582 | D:4      | Killed Ijyb
  3721 | D:4      | Slain by a gnoll

Skill      XL: |  1  2  3  4  5  6 |
---------------+-------------------+-----
Fighting       | 3 4 5 6 |  6.3
Short Blades   | |  0.2
Long Blades    | |  2.0
Armour         | |  1.0
Dodging        | |  2.0
Spellcasting   | |  2.0
Charms         | |  3.0

Action                   |  1- 3 |  4- 6 || total
-------------------------+-------+-------++-------
Melee: Falchion          |    62 |    73 ||   135
       Short sword       |    16 |    38 ||    54
       Dagger            |       |    72 ||    72
 Cast: Infusion          |     9 |    14 ||    23
       Song of Slaying   |       |     1 ||     1
  Eat: Chunk             |     1 |    17 ||    18
Armor: Leather armour    |    34 |    50 ||    84
Dodge: Dodged            |    72 |   117 ||   189
Block: Buckler           |       |    14 ||    14
       Rpst.: Falchion   |    23 |    12 ||    35
